 Seeded DCSS version 0.29.1-13-g9f3cf754e1 (webtiles) character file.

Game seed: 3957822347884328589 (custom seed)

11449 hbarley the Severer (level 11, -50/97 HPs)
             Began as a Hill Orc Fighter on Feb 3, 2023.
             Was a Believer of Uskayaw.
             Annihilated by an enormous slime creature (60 damage)
             ... on level 12 of the Dungeon on Feb 4, 2023.
             The game lasted 00:27:42 (9907 turns).

hbarley the Severer (Hill Orc Fighter)              Turns: 9907, Time: 00:27:43

Health: -50/97     AC: 19    Str: 28    XL:     11   Next: 77%
Magic:  11/11      EV: 12    Int:  8    God:    Uskayaw [**....]
Gold:   636        SH:  5    Dex: 12    Spells: 10/10 levels left

rFire   . . .      SeeInvis .   E - +2 war axe (freeze)
rCold   . . .      Faith    .   c - +0 buckler
rNeg    . . .      Spirit   .   t - +0 plate armour
rPois   .          Reflect  .   (no helmet)
rElec   .          Harm     .   (no cloak)
rCorr   .          Rampage  .   e - +2 pair of gloves
Will    .....                   K - +0 pair of boots
Stlth   ..........              u - amulet of regeneration
HPRegen 1.06/turn               f - +6 ring of strength
MPRegen 0.12/turn               y - +4 ring of evasion

@: no status effects
A: no striking features
a: Renounce Religion, Stomp, Line Pass


You were on level 12 of the Dungeon.
You worshipped Uskayaw.
Uskayaw was noncommittal.
You visited 2 branches of the dungeon, and saw 13 of its levels.
You also visited: Sewer and Ossuary.

You collected 636 gold pieces.

Inventory:

Hand Weapons
 a - a +0 war axe
 E - a +2 war axe of freezing (weapon)
Missiles
 m - 40 poisoned darts (quivered)
 B - 5 curare-tipped darts
Armour
 c - a +0 buckler (worn)
 e - a +2 pair of gloves (worn)
 t - a +0 plate armour (worn)
 J - a +0 scale mail of cold resistance
 K - a +0 pair of boots (worn)
Jewellery
 f - a +6 ring of strength (left hand)
 k - a ring of ice
 o - a ring of ice
 u - an amulet of regeneration (around neck)
 y - a +4 ring of evasion (right hand)
 Q - a ring of resist corrosion
Wands
 b - a wand of quicksilver (8)
 d - a wand of iceblast (30)
 O - a wand of paralysis (5)
Scrolls
 g - 4 scrolls of immolation
 i - 5 scrolls of teleportation
 j - 3 scrolls of blinking
 l - 5 scrolls of enchant armour
 n - a scroll of amnesia {unknown}
 q - 3 scrolls of identify
 x - 4 scrolls of fear
 z - a scroll of vulnerability {unknown}
 A - a scroll of magic mapping {unknown}
 F - 2 scrolls of butterflies {unknown}
 G - 2 scrolls of noise {unknown}
 L - a scroll of silence {unknown}
 R - a scroll of poison {unknown}
Potions
 h - 2 potions of ambrosia {unknown}
 p - a potion of magic {unknown}
 r - a potion of invisibility {unknown}
 s - 2 potions of heal wounds
 v - 5 potions of curing
 w - 6 potions of mutation
 C - 4 potions of haste
 D - 2 potions of degeneration {unknown}
 H - a potion of flight {unknown}
 I - a potion of berserk rage {unknown}
 M - a potion of lignification {unknown}
 N - a potion of cancellation {unknown}
 P - 3 potions of might


   Skills:
 + Level 9.2 Fighting
 + Level 15.3 Axes
 + Level 9.4 Armour
 + Level 1.2 Dodging
 + Level 6.7 Stealth
 + Level 6.6 Shields
 + Level 0.9 Evocations


You had 10 spell levels left.
You didn't know any spells.
Your spell library contained the following spells:

 Spells                   Type           Power      Damage    Failure   Level
 Magic Dart               Conj           0%         1d3       99%         1
 Slow                     Hex            0%         N/A       99%         1
 Sting                    Tmut/Pois      0%         1d3       99%         1
 Call Imp                 Summ           0%         N/A       100%        2
 Poisonous Vapours        Pois/Air       0%         N/A       100%        2
 Static Discharge         Conj/Air       0%         3-3/arc   100%        2
 Call Canine Familiar     Summ           0%         N/A       100%        3
 Confusing Touch          Hex            0%         N/A       100%        3
 Mephitic Cloud           Conj/Pois/Air  0%         N/A       100%        3
 Portal Projectile        Hex/Tloc       0%         N/A       100%        3
 Vampiric Draining        Necr           0%         2d6       100%        3
 Animate Dead             Necr           0%         N/A       100%        4
 Leda's Liquefaction      Hex/Erth       0%         N/A       100%        4
 Olgreb's Toxic Radiance  Pois           0%         N/A       100%        4
 Alistair's Intoxication  Tmut/Pois      0%         N/A       100%        5
 Blade Hands              Tmut           0%         N/A       100%        5
 Borgnjor's Vile Clutch   Necr/Erth      0%         N/A       100%        5
 Irradiate                Conj/Tmut      0%         3d11      100%        5
 Lightning Bolt           Conj/Air       0%         1d11      100%        5
 Death Channel            Necr           0%         N/A       100%        6
 Eringya's Noxious Bog    Tmut/Pois      0%         N/A       100%        6
 Dragon Form              Tmut           0%         N/A       100%        7
 Maxwell's Capacitive Co  Air            0%         ∞         100%        8


Dungeon Overview and Level Annotations

Branches:
Dungeon (12/15)            Temple (1/1) D:5            Lair (0/5) D:8
    Orc (0/2) D:11          Sewer (visited)         Ossuary (visited)

Altars:
Ashenzari
Cheibriados
Dithmenos
Fedhas
Hepliaklqana
Kikubaaqudgha
Makhleb
Nemelex Xobeh
Okawaru
Qazlal
Ru
Sif Muna
Trog
Uskayaw
Vehumet
Wu Jian
Xom
Yredelemnul
Zin

Shops:
D:10 :

Annotations:
D:3 2 transporters, wingedge's ghost, amateur DjFE
D:5 2 runed translucent doors, nroviw's ghost, novice MiFi


Message History

You open the door.
There is an open door here.
You open the door. 4 slime creatures come into view.
The slime creature quivers. x3
Two slime creatures merge to form a large slime creature.
A slime creature comes into view.
Two slime creatures merge to form a large slime creature.
You slash the slime creature! You freeze the slime creature.
The slime creature is moderately wounded.
Two slime creatures merge to form a very large slime creature.
You hit the very large slime creature but do no damage.
The very large slime creature is lightly wounded.
The very large slime creature hits you!!
You hit the very large slime creature.
You freeze the very large slime creature.
The very large slime creature is lightly wounded.
A very large slime creature splits.
You slash the large slime creature! You freeze the large slime creature.
The large slime creature is moderately wounded.
You hit the slime creature but do no damage.
You slash the large slime creature! You freeze the large slime creature.
The large slime creature is moderately wounded.
You hit the slime creature. You freeze the slime creature.
Two slime creatures merge to form an enormous slime creature.
The slime creature hits you.
You can now pass through a line of other dancers.
You slice the enormous slime creature!! You freeze the enormous slime creature.
The enormous slime creature is moderately wounded.
You slash the slime creature! You freeze the slime creature.
The enormous slime creature hits you!!!
Ouch! That really hurt!
* * * LOW HITPOINT WARNING * * *
The slime creature hits you but does no damage.
You slash the enormous slime creature! You freeze the enormous slime creature.
The enormous slime creature is moderately wounded.
You slice the slime creature!! You freeze the slime creature.
The enormous slime creature hits you!!!
Ouch! That really hurt!
You die...

######### #.......#
### ## #.......# #..
. #.......# ######..
#.#.......###....'..
#.#.......'...####..
#.JJ......##### #..
#@......# #..
##'###### #..
#......# ###'
######+# #... #.##
###.## ###.....
#....... #.#.....


You could see an enormous slime creature and a slime creature.

Vanquished Creatures
  2 boulder beetles (D:10)
  4 two-headed ogres
  Maurice (D:8)
  A komodo dragon (D:12)
  Grinder (D:3)
  A hornet (D:7)
  4 shadows
  6 yaks
  2 wraiths
  Grum (D:11)
  Menkaure (D:6)
  3 water moccasins
  Duvessa (D:4)
  2 orc warriors
  An ogre (D:5)
  3 centaurs
  A black bear (D:5)
  3 wolves (D:11)
  2 phantoms
  4 kobold brigands
  4 bullfrogs
  An elf zombie (Ossuary)
  5 scorpions
  2 necrophages
  10 wights
  Dowan (D:4)
  17 killer bees
  5 howler monkeys
  7 hounds
  A jelly (D:6)
  4 orc priests
  Jessica (D:3)
  A human zombie (Ossuary)
  Ijyb (D:4)
  3 iguanas
  10 orc wizards
  2 mummies (Ossuary)
  8 adders
  5 river rats (Sewer)
  2 shadow imps (D:6)
  An adder zombie (Ossuary)
  3 worms
  33 orcs
  8 endoplasms
  5 giant cockroaches
  5 goblins
  5 hobgoblins
  7 jackals
  2 quokkas (D:1)
  8 ball pythons
  7 bats
  7 frilled lizards
  4 goblin zombies (Ossuary)
  8 hobgoblin zombies (Ossuary)
  A jackal zombie (Ossuary)
  18 kobolds
  12 kobold zombies (Ossuary)
  8 orc zombies (Ossuary)
  5 rats
  A rat zombie (Ossuary)
282 creatures vanquished.

Vanquished Creatures (others)
  12 fungi (D:8)
  35 plants
47 creatures vanquished.

Grand Total: 329 creatures vanquished

Notes
Turn   | Place    | Note
-------+----------+-------------------------------------------
     0 | D:1      | hbarley the Hill Orc Fighter began the quest for the Orb.
     0 | D:1      | Reached XP level 1. HP: 19/19 MP: 1/1
    84 | D:1      | Reached skill level 3 in Axes
   165 | D:1      | Found a faded altar of an unknown god.
   170 | D:1      | Reached XP level 2. HP: 26/27 MP: 2/2
   582 | D:2      | Reached XP level 3. HP: 26/33 MP: 3/3
  1174 | D:2      | Reached skill level 4 in Axes
  1543 | D:3      | Reached XP level 4. HP: 12/40 MP: 4/4
  1563 | D:3      | HP: 2/40 [something/magic dart (3)]
  1568 | D:3      | HP: 2/40 [something (1)]
  1575 | D:3      | HP: 1/40 [something (1)]
  1827 | D:3      | Noticed a scorpion
  1883 | D:3      | Killed a scorpion
  1884 | D:3      | Reached skill level 5 in Axes
  1884 | D:3      | Reached XP level 5. HP: 28/46 MP: 5/5
  2167 | D:3      | Noticed Jessica
  2171 | D:3      | Killed Jessica
  2385 | D:3      | Noticed wingedge's ghost (amateur DjFE)
  2454 | D:3      | Found a transporter.
  2498 | D:3      | Found a transporter.
  2537 | D:3      | Noticed Grinder
  2541 | D:3      | Paralysed by Grinder for 2 turns
  2549 | D:3      | Paralysed by Grinder for 5 turns
  2577 | D:3      | Paralysed by Grinder for 3 turns
  2588 | D:3      | Killed Grinder
  2589 | D:3      | Reached skill level 6 in Axes
  2589 | D:3      | Reached XP level 6. HP: 24/53 MP: 6/6
  2897 | D:4      | Reached skill level 7 in Axes
  3025 | D:4      | Reached XP level 7. HP: 60/60 MP: 7/7
  3108 | D:4      | Noticed Duvessa
  3108 | D:4      | Noticed Dowan
  3120 | D:4      | Killed Dowan
  3124 | D:4      | Killed Duvessa
  3221 | D:4      | Noticed Ijyb
  3230 | D:4      | Killed Ijyb
  3231 | D:4      | Reached skill level 5 in Armour
  3309 | D:5      | Entered Level 5 of the Dungeon
  3309 | D:5      | Found a large runed translucent door.
  3320 | D:5      | Reached skill level 5 in Fighting
  3320 | D:5      | Reached skill level 8 in Axes
  3407 | D:5      | Found a large runed translucent door.
  3411 | D:5      | Noticed nroviw's ghost (novice MiFi)
  3434 | D:5      | Reached XP level 8. HP: 67/68 MP: 8/8
  3571 | D:5      | Reached skill level 9 in Axes
  3770 | D:5      | Found a staircase to the Ecumenical Temple.
  3782 | Temple   | Entered the Ecumenical Temple
  3836 | Temple   | Became a worshipper of Uskayaw the Reveller
  4055 | D:6      | Found a blossoming altar of Fedhas.
  4060 | D:6      | Reached * piety under Uskayaw
  4061 | D:6      | Reached ** piety under Uskayaw
  4105 | D:6      | Found a glowing drain.
  4114 | D:6      | Noticed Menkaure
  4129 | D:6      | Reached *** piety under Uskayaw
  4132 | D:6      | Killed Menkaure
  4132 | D:6      | Reached **** piety under Uskayaw
  4136 | D:6      | Reached skill level 10 in Axes
  4191 | D:6      | Reached skill level 1 in Stealth
  4237 | D:6      | Reached skill level 1 in Dodging
  4238 | D:6      | Reached ***** piety under Uskayaw
  4239 | D:6      | Reached skill level 5 in Shields
  4239 | D:6      | Reached XP level 9. HP: 29/75 MP: 9/9
  4351 | Sewer    | Entered a sewer
  5040 | D:6      | Reached skill level 11 in Axes
  5829 | D:7      | Noticed a hornet
  5831 | D:7      | Paralysed by a hornet for 2 turns
  5842 | D:7      | Paralysed by a hornet for 3 turns
  5846 | D:7      | Killed a hornet
  5973 | D:7      | Found a sand-covered staircase.
  5981 | Ossuary  | Entered an ossuary
  6344 | D:7      | Reached skill level 12 in Axes
  6349 | D:7      | Reached ****** piety under Uskayaw
  6391 | D:7      | Reached XP level 10. HP: 86/86 MP: 10/10
  6861 | D:8      | Noticed Maurice
  6873 | D:8      | Killed Maurice
  6874 | D:8      | Reached skill level 13 in Axes
  7153 | D:8      | Found a staircase to the Lair.
  7528 | D:9      | Noticed a two-headed ogre
  7538 | D:9      | Killed a two-headed ogre
  7645 | D:9      | Reached skill level 14 in Axes
  7843 | D:9      | Reached skill level 5 in Stealth
  7851 | D:9      | Reached XP level 11. HP: 77/94 MP: 11/11
  8042 | D:10     | Entered Level 10 of the Dungeon
  8187 | D:10     | Noticed a two-headed ogre
  8193 | D:10     | Killed a two-headed ogre
  8284 | D:10     | Noticed a two-headed ogre
  8295 | D:10     | Killed a two-headed ogre
  8498 | D:10     | Found a glowing silver altar of Zin.
  8530 | D:10     | Found Reniev's Book Shop.
  8892 | D:11     | Noticed a boulder beetle
  8910 | D:11     | Noticed a boulder beetle
  8928 | D:10     | HP: 3/95 [boulder beetle (7)]
  8938 | D:10     | Killed a boulder beetle
  8939 | D:10     | Reached skill level 15 in Axes
  9035 | D:10     | Killed a boulder beetle
  9200 | D:11     | Found a sparkling altar of Nemelex Xobeh.
  9246 | D:11     | Noticed Grum
  9255 | D:11     | Killed Grum
  9296 | D:11     | Noticed a two-headed ogre
  9304 | D:11     | Killed a two-headed ogre
  9452 | D:11     | Found a staircase to the Orcish Mines.
  9907 | D:12     | Annihilated by an enormous slime creature

Illustrated notes

Levels and vault maps discovered:
D:1:      erik_arrival_triangle_large, layout_rooms,
          chequers_ecumenical_altar_island, minivault_11, grunt_decor_junction
D:2:      layout_basic, minmay_cut_off
D:3:      layout_loops_ring, gammafunk_ghost_stat_death, uniq_jessica,
          uniq_grinder
D:4:      layout_basic, uniq_ijyb, uniq_duvessa
D:5:      layout_loops_cross, temple_statues, ebering_ghost_disaster_area
D:6:      layout_basic, mainiacjoe_overflow_tiny_flanked,
          cheibrodos_sewer_entry_sluice, columned_hall_lemuel, sigmund_army,
          uniq_menkaure
D:7:      layout_cave_pools, enter_ossuary_3, nrook_mini_vaults,
          eino_tiny_chamber, chequers_serial_rivers_marsh,
          minmay_fractal_squares_diagonal_5
D:8:      layout_loops_cross, grunt_lair_entry_orc_guard_hut,
          patterned_corridor, uniq_maurice
D:9:      layout_basic, wad_dig_loot
D:10:     layout_loops_corners, lemuel_doored_altar, serial_shops, shop,
          chequers_serial_rivers_micro_d
D:11:     layout_basic, orc_0_dummy, nemelex_lonely_heart_becter, uniq_grum
D:12:     layout_roguey, gammafunk_ghost_cemetery
Temple:   nicolae_temple_bog_church

Skill      XL: |  1  2  3  4  5  6  7  8  9 10 11 |
---------------+----------------------------------+-----
Axes           | 3 4 5 6 7 8 10 12 14 15 | 15.3
Armour         | 4 5 6 7 8 9 |  9.4
Fighting       | 4 5 7 8 9 |  9.2
Shields        | 4 5 6 |  6.6
Stealth        | 1 3 5 6 |  6.7
Dodging        | 1 |  1.2
Evocations     | |  0.9

Action                   |  1- 3 |  4- 6 |  7- 9 | 10-12 || total
-------------------------+-------+-------+-------+-------++-------
Melee: War axe           |    98 |    90 |   362 |   226 ||   776
Evoke: Wand              |       |       |       |     4 ||     4
  Use: Scroll            |       |       |     4 |     5 ||     9
       Potion            |       |       |     1 |     3 ||     4
 Stab: Paralysed         |       |       |    20 |    25 ||    45
Armor: Scale mail        |    91 |    54 |       |       ||   145
       Plate armour      |       |    25 |   162 |    99 ||   286
Dodge: Dodged            |    69 |    30 |   149 |   101 ||   349
Block: Buckler           |    41 |    16 |    82 |    51 ||   190
